 Dungeon Crawl Stone Soup version 0.25.0-9-g26727b657a (webtiles) character file.

Game seed: 13297572913661258178

1948 vurker the Chiller (level 9, -6/59 HPs)
             Began as an Octopode Ice Elementalist on June 16, 2020.
             Was an Initiate of Vehumet.
             Mangled by a two-headed ogre
             ... wielding a +0 giant club
              (14 damage)
             ... on level 8 of the Dungeon.
             The game lasted 00:12:25 (8721 turns).

vurker the Chiller (Octopode Ice Elementalist)      Turns: 8721, Time: 00:12:25

Health: -6/59      AC:  2    Str:  7    XL:     9   Next: 18%
Magic:  12/27      EV: 17    Int: 21    God:    Vehumet [......]
Gold:   495        SH:  0    Dex: 12    Spells: 9/21 levels left

rFire    . . .     SeeInvis .   n - +3 dagger (venom)
rCold    . . .     Gourm    .   (no shield)
rNeg     . . .     Faith    .   r - +1 hat
rPois    .         Spirit   .   (no amulet)
rElec    .         Reflect  .   u - +4 ring of evasion
rCorr    .         Harm     .   s - ring of magical power
MR       .....                  (no ring)
Stlth    +++.......             (no ring)
HPRegen  0.19/turn              (no ring)
MPRegen  0.20/turn              (no ring)
                                (no ring)
                                (no ring)

@: no status effects
A: almost no armour, stealthy swim, amphibious, 8 rings, constrict 8, camouflage
1, gelatinous body 1
a: Renounce Religion


You were on level 8 of the Dungeon.
You worshipped Vehumet.
Vehumet was noncommittal.
You were hungry.

You visited 2 branches of the dungeon, and saw 9 of its levels.

You collected 495 gold pieces.

Inventory:

Hand Weapons
 n - a +3 dagger of venom (weapon)
   (You took it off a goblin on level 2 of the Dungeon)
 p - the +7 spear of Makhleb's Hatred {antimagic, rElec rPois Int+3}
   (You found it on level 4 of the Dungeon)

   It reduces the magical energy of the wielder, and disrupts the spells and
   magical abilities of those hit.
   Natural abilities and divine invocations are not affected.
   It affects your intelligence (+3).
   It insulates you from electricity.
   It protects you from poison.
Armour
 r - a +1 hat (worn)
   (You found it on level 5 of the Dungeon)
Jewellery
 s - a ring of magical power (right tentacle)
   (You found it on level 6 of the Dungeon)
 u - a +4 ring of evasion (left tentacle)
   (You found it on level 4 of the Dungeon)
Wands
 d - a wand of iceblast (11)
   (You found it on level 4 of the Dungeon)
Scrolls
 b - 2 scrolls of blinking
 j - 3 scrolls of teleportation
 k - 5 scrolls of remove curse
 q - 2 scrolls of magic mapping
Potions
 a - a potion of cancellation
 c - 5 potions of curing
 f - 3 potions of brilliance
 g - a potion of lignification {unknown}
 i - a potion of flight {unknown}
 l - a potion of mutation {unknown}
 m - 2 potions of haste
 o - 4 potions of heal wounds
Comestibles
 e - 13 rations


   Skills:
 + Level 4.5 Fighting
 - Level 2.0 Dodging
 - Level 2.6 Stealth
 * Level 6.5 Spellcasting
 - Level 3.0 Conjurations
 - Level 3.0 Summonings
 * Level 7.9 Ice Magic


You had 9 spell levels left.
You knew the following spells:

 Your Spells              Type           Power        Failure   Level  Hunger
a - Freeze                Ice            ####         1%          1    None
b - Frozen Ramparts       Ice            #####.       1%          3    #......
c - Hailstorm             Conj/Ice       ####....     10%         4    ###....
d - Summon Ice Beast      Ice/Summ       ####....     10%         4    ###....

Your spell library contained the following spells:

 Spells                   Type           Power        Failure   Level  Hunger
 Summon Small Mammal      Summ           ###.         2%          1    None
 Call Imp                 Summ           ###.....     4%          2    None
 Ozocubu's Armour         Chrm/Ice       ###.....     5%          3    #......
 Call Canine Familiar     Summ           ###.....     9%          3    #......
 Poisonous Vapours        Pois/Air       #.....       14%         2    None
 Conjure Flame            Conj/Fire      ##......     16%         3    #......
 Summon Guardian Golem    Hex/Summ       ##......     16%         3    #......
 Mephitic Cloud           Conj/Pois/Air  ##......     19%         3    #......
 Summon Lightning Spire   Summ/Air       ##......     45%         4    ###....
 Silence                  Hex/Air        #.........   95%         5    #####..
 Freezing Cloud           Conj/Ice/Air   ###.......   97%         6    ######.
 Conjure Ball Lightning   Conj/Air       ##........   100%        6    ######.
 Ring of Flames           Chrm/Fire      #.........   100%        7    #######
 Tornado                  Air            #.........   100%        9    #######


Dungeon Overview and Level Annotations

Branches:
Dungeon (8/15)             Temple (1/1) D:7
   Lair: D:8-11

Altars:
Ashenzari
Cheibriados
Dithmenos
Elyvilon
Fedhas
Gozag
Hepliaklqana
Kikubaaqudgha
Makhleb
Nemelex Xobeh
Okawaru
Qazlal
Ru
Sif Muna
Trog
Uskayaw
Vehumet
Wu Jian
Xom
Yredelemnul
Zin
The Shining One


Innate Abilities, Weirdness & Mutations

You cannot wear most types of armour.
You are very stealthy in the water. (Stealth+)
You are amphibious.
You can wear up to eight rings at the same time.
You can use your tentacles to constrict eight enemies at once.
Your skin changes colour to match your surroundings (Stealth+).
Your rubbery body absorbs attacks. (AC +1, EV +1)


Message History

Found a battleaxe.
There is a stone staircase leading up here.
Aim: a bullfrog (asleep)
You freeze the bullfrog.
The bullfrog croaks.
The bullfrog hits you!
Aim: a bullfrog (lightly wounded)
You freeze the bullfrog.
The bullfrog seems to slow down.
The bullfrog closely misses you.
Aim: a bullfrog (heavily wounded, slow)
You freeze the bullfrog!
The bullfrog seems to slow down.
The bullfrog misses you.
Aim: a bullfrog (severely wounded, slow)
You freeze the bullfrog!
You kill the bullfrog!
Vehumet accepts your kill.
The centaur wields a +0 shortbow.
The centaur shoots an arrow.
The arrow closely misses you.
The centaur shoots an arrow.
The arrow barely misses you.
A two-headed ogre comes into view. It is wielding two +0 giant clubs.
You see here a bullfrog corpse.
The walls around you are covered in ice.
The wall freezes the centaur.
A cannonade of hail descends around you!
The hail pelts the two-headed ogre.
The wall freezes the centaur but do no damage.
The centaur unwields a +0 shortbow.
The centaur hits you.
The wall freezes the centaur.
The centaur barely misses you.
A cannonade of hail descends around you!
The hail pelts the two-headed ogre!
The wall freezes the two-headed ogre.
The wall freezes the centaur.
The centaur barely misses you.
The wall freezes the centaur.
The centaur hits you.
The wall freezes the two-headed ogre.
The wall freezes the centaur.
The centaur hits you!
The wall freezes the two-headed ogre.
The wall freezes the centaur.
The wall freezes the centaur.
You kill the centaur!
Vehumet accepts your kill.
The wall freezes the two-headed ogre!
The wall freezes the two-headed ogre.
The wall freezes the two-headed ogre.
The two-headed ogre hits you with a +0 giant club!!
Ouch! That really hurt!
* * * LOW HITPOINT WARNING * * *
The two-headed ogre misses you.
The frozen ramparts melt away.
A chill wind blows around you. The two-headed ogre barely misses you.
The two-headed ogre hits you with a +0 giant club!
You die...

.#..........# ...
............# #..
#........#...##..
#........#...#..#
............# ..#
.... #......##((# ###
.....#.....Y...##....
........####O.....#
..#####.####@<.##.#
#.....†.##
##.##)........
#..#..#..###.
#...###...# #....
...). ...... ......
.............
......... ....


You could see a two-headed ogre and a friendly ice beast (summoned).

Vanquished Creatures
  An orc warrior (D:7)
  A phantom (D:6)
  An ogre (D:7)
  4 centaurs
  3 bullfrogs
  2 scorpions
  3 howler monkeys
  A crimson imp (D:7)
  A bullfrog zombie (D:5)
  3 hounds
  A jelly (D:6)
  An orc priest (D:6)
  A bullfrog skeleton (D:4)
  4 centaur skeletons
  4 orc wizards
  An iguana (D:5)
  A killer bee zombie (D:5)
  A hound zombie (D:6)
  2 hound skeletons
  Robin (D:1)
  8 gnolls
  16 adders
  A shadow imp (D:6)
  An adder skeleton (D:4)
  A worm (D:2)
  5 leopard geckos
  16 orcs
  A ball python (D:7)
  3 giant cockroaches
  18 goblins
  14 hobgoblins
  3 jackals (D:2)
  5 quokkas
  16 bats
  7 frilled lizards
  A giant cockroach zombie (D:6)
  12 kobolds
  A quokka skeleton (D:4)
  8 rats
174 creatures vanquished.

Vanquished Creatures (collateral kills)
  A wyvern zombie (D:7)
1 creature vanquished.

Vanquished Creatures (others)
  A quokka (D:2)
1 creature vanquished.

Grand Total: 176 creatures vanquished

Notes
Turn   | Place    | Note
-------+----------+-------------------------------------------
     0 | D:1      | vurker the Octopode Ice Elementalist began the quest for
                  | the Orb.
     0 | D:1      | Reached XP level 1. HP: 11/11 MP: 3/3
   273 | D:1      | Reached XP level 2. HP: 13/18 MP: 1/5
  1048 | D:1      | Reached XP level 3. HP: 22/22 MP: 6/6
  1287 | D:2      | Found a white marble altar of Elyvilon.
  1290 | D:2      | Reached skill level 1 in Fighting
  1603 | D:2      | Noticed Robin
  1629 | D:1      | Killed Robin
  1754 | D:1      | Learned a level 3 spell: Frozen Ramparts
  1886 | D:2      | Reached XP level 4. HP: 28/28 MP: 8/8
  2550 | D:2      | Reached XP level 5. HP: 34/34 MP: 6/9
  2603 | D:2      | Found a faded altar of an unknown god.
  2647 | D:2      | Reached skill level 5 in Ice Magic
  2653 | D:2      | Learned a level 4 spell: Hailstorm
  3118 | D:3      | Noticed a hungry ghost
  3124 | D:3      | Reached skill level 1 in Conjurations
  3413 | D:3      | Reached XP level 6. HP: 39/39 MP: 7/11
  3585 | D:3      | Learned a level 4 spell: Summon Ice Beast
  4489 | D:4      | Reached skill level 1 in Summonings
  4730 | D:4      | Reached XP level 7. HP: 38/45 MP: 13/13
  4847 | D:4      | Got a brightly glowing spear
  4848 | D:4      | Identified the +7 spear of Makhleb's Hatred {antimagic,
                  | rElec rPois Int+3} (You found it on level 4 of the Dungeon)
  5232 | D:5      | Entered Level 5 of the Dungeon
  6013 | D:5      | Reached skill level 6 in Ice Magic
  6910 | D:6      | Reached XP level 8. HP: 48/52 MP: 15/15
  7137 | D:6      | Reached skill level 5 in Spellcasting
  7783 | D:7      | Reached skill level 7 in Ice Magic
  8169 | D:7      | Found a staircase to the Ecumenical Temple.
  8174 | D:7      | Reached XP level 9. HP: 37/58 MP: 18/18
  8189 | Temple   | Entered the Ecumenical Temple
  8395 | Temple   | Became a worshipper of Vehumet
  8705 | D:8      | Noticed a two-headed ogre
  8721 | D:8      | Mangled by a two-headed ogre

Illustrated notes

Levels and vault maps discovered:
D:1:      zaba_arrival_water, layout_loops_ring
D:2:      minmay_wonky_spiral, layout_rooms, elyvilon_altar_4,
          chequers_ecumenical_altar_simple_redux, uniq_robin
D:3:      layout_basic, first_ration, minmay_fractal_squares_5
D:4:      kennysheep_big_flooded_room, layout_cave_pools
D:5:      layout_basic
D:6:      layout_cave_pools, feat_on_display
D:7:      layout_basic, minmay_temple_entry_glass
D:8:      layout_cave_pools
Temple:   kilobyte_greek_temple

Skill      XL: |  1  2  3  4  5  6  7  8 |
---------------+-------------------------+-----
Fighting       | 1 2 3 4 |  4.5
Spellcasting   | 3 4 6 |  6.5
Ice Magic      | 5 6 7 |  7.9
Conjurations   | 1 2 3 |  3.0
Summonings     | 1 2 3 |  3.0
Dodging        | |  2.0
Stealth        | |  2.6

Action                   |  1- 3 |  4- 6 |  7- 9 || total
-------------------------+-------+-------+-------++-------
Melee: Unarmed           |    19 |       |       ||    19
       Constrict         |    15 |    25 |    22 ||    62
       Tentacles         |     8 |     9 |    25 ||    42
       Dagger            |    17 |   113 |   138 ||   268
       Spear             |     3 |     3 |       ||     6
 Cast: Freeze            |    25 |    45 |    17 ||    87
       Frozen Ramparts   |       |     7 |    14 ||    21
       Hailstorm         |       |       |    10 ||    10
       Summon Ice Beast  |       |       |     5 ||     5
  Use: Potion            |     1 |       |       ||     1
       Scroll            |       |    10 |     6 ||    16
 Stab: Sleeping          |     6 |     8 |     7 ||    21
       Distracted        |       |     2 |       ||     2
  Eat: Chunk             |     3 |    12 |    14 ||    29
Armor: Skin              |     5 |    13 |     6 ||    24
Dodge: Dodged            |    28 |   144 |   144 ||   316
